 Dungeon Crawl Stone Soup version 0.21.0-3-g78d12a8 (webtiles) character file.

1173 HungrySpirit the Cutter (level 8, -1/48 HPs)
             Began as a Kobold Skald on Jan 13, 2018.
             Slain by a gnoll sergeant
             ... wielding a +2 spear of freezing
              (8 damage)
             ... on level 5 of the Dungeon.
             The game lasted 00:16:18 (5456 turns).

HungrySpirit the Cutter (Kobold Skald)              Turns: 5456, Time: 00:16:19

Health: -1/48      AC:  7    Str:  8    XL:     8   Next: 68%
Magic:  14/14      EV: 18    Int: 14    God:
Gold:   291        SH:  0    Dex: 23    Spells: 6/15 levels left

rFire    . . .     SeeInvis .   k - +2 dagger (elec)
rCold    + . .     Gourm    .   (shield restricted)
rNeg     . . .     Faith    .   s - +2 robe {rC+}
rPois    .         Spirit   .   (no helmet)
rElec    .         Reflect  .   p - +0 cloak
rCorr    .         Harm     .   (no gloves)
MR       .....                  i - +1 pair of boots
Stlth    +++.......             (no amulet)
HPRegen  0.16/turn              a - +6 ring of dexterity
MPRegen  0.14/turn              q - ring of wizardry

@: shrouded
A: small, carnivore
a: no special abilities


You were on level 5 of the Dungeon.
You were completely stuffed.

You visited 1 branch of the dungeon, and saw 5 of its levels.

You collected 291 gold pieces.

Inventory:

Hand Weapons
 k - a +2 dagger of electrocution (weapon)
 r - a +0 rapier
Missiles
 g - 74 stones (quivered)
Armour
 i - a +1 pair of boots (worn)
 p - a +0 cloak (worn)
 s - a +2 robe of cold resistance (worn)
Jewellery
 a - a +6 ring of dexterity (left hand)
 q - a ring of wizardry (right hand)
Scrolls
 b - a scroll of teleportation {unknown}
 e - a scroll of immolation
 f - a scroll of enchant armour {unknown}
 h - a scroll of blinking {unknown}
 l - 2 scrolls of amnesia {unknown}
 n - 2 scrolls of remove curse {unknown}
 t - a scroll of fear {unknown}
Potions
 j - a potion of heal wounds
 m - 2 potions of agility
 o - a potion of resistance {unknown}
Books
 c - a book of Battle

   Spells                             Type                      Level
   a - Infusion                       Charms                       1
   b - Shroud of Golubria             Charms/Translocation         2
   c - Song of Slaying                Charms                       2
   d - Spectral Weapon                Hexes/Charms                 3
   e - Regeneration                   Charms/Necromancy            3
Comestibles
 d - 8 rations
 u - 13 chunks of flesh


   Skills:
 + Level 4.5 Fighting
 * Level 7.3 Short Blades
 - Level 0.7 Armour
 + Level 4.8 Dodging
 + Level 4.7 Stealth
 + Level 4.0 Spellcasting
 + Level 0.5 Hexes
 - Level 3.1 Charms
 + Level 2.9 Translocations


You had 6 spell levels left.
You knew the following spells:

 Your Spells              Type           Power        Failure   Level  Hunger
a - Infusion              Chrm           ##..         2%          1    None
b - Regeneration          Chrm/Necr      #.........   12%         3    ###....
c - Spectral Weapon       Hex/Chrm       #.......     11%         3    ###....
d - Shroud of Golubria    Chrm/Tloc      ##........   3%          2    ##.....


Dungeon Overview and Level Annotations

Branches:
Dungeon (5/15)
 Temple: D:4-7

Altars:
Ashenzari
Cheibriados

Annotations:
D:2 Terence


Innate Abilities, Weirdness & Mutations

You are small and have problems with some larger weapons.
You are carnivorous and can eat meat at any time.


Message History

Unknown command.
The gnoll sergeant barely misses you.
The centaur shoots an arrow.
The arrow hits you but does no damage.
You see here an arrow.
Unknown command.
The centaur shoots an arrow.
The arrow hits you! The gnoll sergeant closely misses you.
You see here an arrow.
Unknown command.
The centaur shoots an arrow.
The arrow closely misses you.
Unknown command.
The centaur shoots an arrow.
The arrow hits you!
* * * LOW HITPOINT WARNING * * *
You see here an arrow.
Unknown command.
Unknown command.
There is a stone staircase leading up here.
Unknown command.
The gnoll sergeant hits you from afar with a spear of freezing!
You die...

#...>....######.......
.##..........###.......
...#....#.##...........
#..........#####.......
##.......#.....##.......
#........#.###.##.......
###...###..#.# #..........
###.......#...>#####..######
).....# #..@...)...##.#####
#......#####..............##
......r..####g(######......#
......#.c.(g.....(# #.##.#.#
#....#S##J##.###.###....#..
#...S..#.?.#..##...##....#
#.....h#...#.............#
......#.(...####.........##
##...#⌠.##'## #........##.#


You could see a gnoll sergeant.

Vanquished Creatures
  Pikel (D:4)
  Sigmund (D:4)
  4 slaves (D:4)
  A phantom (D:4)
  A scorpion (D:4)
  A jelly (D:2)
  An orc priest (D:4)
  2 orc wizards
  A bullfrog skeleton (D:5)
  A centaur skeleton (D:4)
  An iguana (D:4)
  A worker ant (D:5)
  A howler monkey zombie (D:4)
  3 gnolls (D:5)
  6 adders
  An ooze (D:1)
  5 worms
  A dart slug (D:1)
  A leopard gecko (D:1)
  16 orcs
  4 giant cockroaches
  7 goblins
  9 hobgoblins
  20 jackals
  12 kobolds
  4 bats
  3 frilled lizards
  8 rats
117 creatures vanquished.

Notes
Turn   | Place    | Note
-------+----------+-------------------------------------------
     0 | D:1      | HungrySpirit the Kobold Skald began the quest for the Orb.
     0 | D:1      | Reached XP level 1. HP: 12/12 MP: 3/3
   220 | D:1      | Reached skill level 3 in Short Blades
   220 | D:1      | Reached XP level 2. HP: 8/17 MP: 0/5
   884 | D:1      | Reached XP level 3. HP: 18/22 MP: 2/6
  1190 | D:1      | Reached skill level 1 in Stealth
  1711 | D:1      | Learned a level 3 spell: Regeneration
  1762 | D:2      | Reached XP level 4. HP: 27/27 MP: 2/7
  1812 | D:2      | Reached skill level 4 in Short Blades
  1937 | D:2      | Noticed Terence
  2173 | D:2      | Reached XP level 5. HP: 32/32 MP: 8/8
  3209 | D:3      | Found a faded altar of an unknown god.
  3235 | D:3      | Learned a level 3 spell: Spectral Weapon
  3238 | D:3      | Learned a level 2 spell: Shroud of Golubria
  3292 | D:3      | Found a snail-covered altar of Cheibriados.
  3973 | D:4      | Reached XP level 6. HP: 34/37 MP: 10/10
  4025 | D:4      | Noticed Sigmund
  4055 | D:4      | Killed Sigmund
  4055 | D:4      | Reached skill level 5 in Short Blades
  4055 | D:4      | Reached skill level 1 in Translocations
  4055 | D:4      | Reached XP level 7. HP: 41/41 MP: 8/11
  4632 | D:4      | Noticed Pikel
  4793 | D:4      | Reached skill level 6 in Short Blades
  5092 | D:4      | Killed Pikel
  5092 | D:4      | Reached skill level 7 in Short Blades
  5092 | D:4      | Reached XP level 8. HP: 48/48 MP: 8/13
  5113 | D:5      | Entered Level 5 of the Dungeon
  5442 | D:5      | Found a shattered altar of Ashenzari.
  5456 | D:5      | Slain by a gnoll sergeant

Skill      XL: |  1  2  3  4  5  6  7  8 |
---------------+-------------------------+-----
Short Blades   | 3 4 5 7 |  7.3
Stealth        | 1 2 3 4 |  4.7
Dodging        | 3 4 |  4.8
Fighting       | 3 4 |  4.5
Spellcasting   | 3 4 |  4.0
Charms         | 3 |  3.1
Translocations | 1 2 |  2.9
Armour         | |  0.7
Hexes          | |  0.5

Action                   |  1- 3 |  4- 6 |  7- 9 || total
-------------------------+-------+-------+-------++-------
Melee: Short sword       |   133 |    35 |       ||   168
       Dagger            |       |    88 |   167 ||   255
Throw: Stone             |     3 |     5 |     2 ||    10
 Cast: Infusion          |     9 |     5 |       ||    14
       Shroud of Golubri |       |     1 |    12 ||    13
       Regeneration      |       |       |     2 ||     2
       Spectral Weapon   |       |       |     4 ||     4
  Use: Scroll            |       |     5 |       ||     5
 Stab: Sleeping          |     1 |     4 |     4 ||     9
  Eat: Chunk             |    11 |     8 |     6 ||    25
Armor: Leather armour    |    25 |    10 |    13 ||    48
       Robe              |       |       |     8 ||     8
Dodge: Dodged            |    95 |    63 |    77 ||   235
